cohdb
Replays
Latest Replays
All Replays
Popular Replays
Top Player Replays
Match Explorer
How It Works
Community
CoH3 Stats
Reddit
Sign in to upload your games and track your stats! →
Sign in with Steam
Match 42428910
Unlisted
Match 42428910
Overview
Messages
Build Orders
End
Kradschützen Motorcycle Team
250 Light Carrier
Selects Panzerjäger Kommand Battlegroup
Selects Blockade Equipment
Panzergrenadier Squad
Construct Light Support Kompanie
Selects GrB 39 Grenade Launcher Requisition
Assault Grenadier Squad
MG34 Team
Construct Mechanized Kompanie
Panzerpioneer Squad
Support Armor Elements
Vehicle Survival Package
Pak 38 Mechanized Group
Combat Half-tracks
Construct Panzerarmee Kommand
Flak 36 Anti-tank Gun Team
Walking Stuka Rocket Launcher
Selects Early Warning
Selects Butterfly Bomb Drop
Walking Stuka Rocket Launcher
Walking Stuka Rocket Launcher
Armored Reserves
Rapid Advance
LanceCriminal619
Gildr
Tok3n x Operator
TechT0nic
0
0
Comments
sign in to comment!
No comments posted yet!